Map: Site Delta LE

Players

HeroMarine - Winner!

  • Race: Terran Terran
  • League: Grandmaster
  • Spawn Location: 5:00

Mixu

  • Race: Zerg Zerg
  • League: Grandmaster
  • Spawn Location: 11:00

Event: HomeStory Cup XXV

VOD

Have the link to the VOD?

Description

Time

  • Played on: June 22, 2024, 11:13 a.m.
  • Length: 8:49

All games in this series

Show
View Real Time Build Order
Export as new Build Order

HeroMarine Terran - Winner!

Build Orders:  

Get SALT Encoding   

  12  0:00  SCV  
  13  0:12  SCV  
  14  0:17  Supply Depot  
  14  0:24  SCV  
  15  0:39  SCV  
  15  0:41  Barracks  
  16  0:42  Refinery  
  16  0:51  SCV  
  17  1:00  Barracks  
  17  1:03  SCV  
  18  1:15  SCV  
  19  1:27  Orbital Command, Reaper  
  19  1:30  Supply Depot  
  20  1:46  Reaper  
  21  1:53  SCV  
  22  2:02  Reaper  
  23  2:09  Command Center  
  23  2:10  SCV  
  24  2:20  Reaper  
  25  2:22  SCV  
  25  2:24  Refinery  
  26  2:35  SCV  
  27  2:48  SCV, Command Center  
  28  3:00  SCV  
  28  3:02  Factory  
  29  3:06  Barracks Reactor  
  29  3:07  Barracks Reactor  
  29  3:12  SCV  
  30  3:24  Barracks Tech Lab  
  30  3:25  Orbital Command  
  30  3:26  SCV  
  30  3:38  SCV  
  30  3:42  Marine  
  30  3:48  Starport  
  30  3:50  Starport  
  30  3:51  SCV  
  30  3:52  SCV  
  30  3:53  Hellion x2  
  30  3:54  Barracks Tech Lab  
  35  4:00  Orbital Command, Marine  
  36  4:03  SCV  
  36  4:04  SCV  
  36  4:06  Stimpack  
  38  4:11  Barracks Reactor  
  38  4:15  SCV, Hellion x2  
  38  4:16  SCV  
  44  4:27  SCV  
  44  4:28  SCV  
  46  4:33  Viking  
  46  4:35  SCV  
  46  4:36  Hellion x2  
  53  4:39  SCV  
  53  4:41  SCV  
  53  4:42  Supply Depot  
  55  4:46  Marine  
  55  4:47  SCV  
  55  4:49  Marine  
  55  4:50  Marine  
  55  4:51  SCV  
  60  4:53  SCV  
  61  5:03  SCV x2  
  61  5:04  Hellion  
  61  5:05  SCV  
  64  5:11  Marine x3  
  67  5:15  SCV x2  
  67  5:19  SCV  
  68  5:24  Refinery, Engineering Bay x2  
  68  5:25  Refinery  
  68  5:30  Orbital Command, SCV, Barracks x2  
  68  5:31  SCV, Barracks  
  70  5:41  Supply Depot, Factory Tech Lab  
  70  5:42  SCV  
  71  5:43  SCV, Marine x3  
  71  5:45  Medivac  
  77  5:51  Terran Infantry Armor Level 1  
  77  5:55  Terran Infantry Weapons Level 1  
  77  6:01  Combat Shield  
  77  6:03  SCV x3, Medivac  
  82  6:08  Siege Tank  
  83  6:15  Supply Depot, SCV x2  
  83  6:16  Supply Depot  
  85  6:20  SCV, Marine x2  
  85  6:21  Barracks Reactor x3  
  85  6:25  Supply Depot  
  88  6:27  SCV x2  
  88  6:28  Marine  
  88  6:32  SCV  
  92  6:38  Marine x2  
  92  6:39  SCV x2  
  92  6:41  Siege Tank  
  92  6:44  Supply Depot, SCV  
  92  6:46  Marine  
  93  6:51  Refinery x2, Medivac x2  
  97  6:55  Marine x2  
  97  6:57  SCV x2  
  97  6:58  SCV, Marine x4  
  97  6:59  Marine x2  
  108  7:03  Marine  
  108  7:04  Armory  
  108  7:06  Supply Depot x2  
  109  7:13  Marine x2  
  111  7:19  Marine x6  
  111  7:21  Marine  
  118  7:23  Siege Tank  
  121  7:31  Marine x2  
  121  7:32  Supply Depot  
  121  7:35  Factory  
  121  7:36  Marine  
  121  7:37  Marine x5  
  124  7:39  Marine  
  130  7:47  Medivac x2  
  130  7:49  Marine  
  130  7:50  Command Center  
  135  7:56  Marine x7  
  135  7:57  Marine  
  143  8:07  Marine  
  143  8:11  Siege Tank  
  147  8:14  Marine x2  
  147  8:18  Sensor Tower  
  149  8:27  Factory Tech Lab  
  149  8:30  Supply Depot  
  149  8:31  Supply Depot  
  149  8:32  SCV  
  149  8:37  SCV x2  
  151  8:41  Sensor Tower  
Show
View Real Time Build Order
Export as new Build Order

Mixu Zerg 

Build Orders: Hatch First 

Get SALT Encoding   

  12  0:00  Drone  
  13  0:12  Overlord  
  13  0:17  Drone  
  14  0:30  Drone x2  
  16  0:49  Hatchery  
  15  0:51  Drone  
  15  0:54  Drone  
  17  0:57  Drone  
  18  1:08  Extractor  
  17  1:12  Spawning Pool  
  17  1:15  Drone  
  17  1:18  Drone  
  18  1:27  Drone  
  19  1:38  Drone  
  20  1:48  Overlord  
  20  2:00  Queen  
  20  2:01  Zergling x4, Queen  
  26  2:10  Drone, Metabolic Boost  
  26  2:12  Drone  
  28  2:21  Drone  
  29  2:25  Drone  
  29  2:37  Hatchery  
  29  2:40  Zergling x2  
  29  2:41  Zergling x2  
  29  2:47  Queen  
  29  2:48  Overlord  
  31  2:52  Zergling x2  
  31  2:54  Zergling x2  
  31  2:58  Zergling x2  
  34  3:04  Zergling x2  
  35  3:08  Zergling x2  
  36  3:16  Queen  
  38  3:23  Zergling x8  
  39  3:33  Drone  
  39  3:43  Drone  
  39  3:44  Drone x2  
  39  3:47  Hatchery  
  40  3:48  Drone  
  40  3:50  Queen  
  40  3:52  Drone  
  44  3:58  Overlord  
  44  4:04  Overlord  
  44  4:16  Queen  
  50  4:17  Drone x4  
  50  4:21  Overlord  
  49  4:26  Drone  
  49  4:28  Drone x3  
  52  4:33  Queen  
  52  4:34  Drone  
  55  4:40  Drone x3  
  55  4:45  Drone  
  59  4:52  Zergling x2  
  60  4:56  Overlord  
  58  5:02  Drone x2  
  58  5:06  Drone x4  
  63  5:10  Queen  
  63  5:13  Drone  
  64  5:15  Drone, Queen  
  64  5:17  Zergling x2  
  65  5:24  Drone x2  
  65  5:26  Lair  
  67  5:29  Drone  
  67  5:34  Drone  
  69  5:37  Drone  
  69  5:40  Overlord  
  69  5:41  Drone x3  
  72  5:45  Zergling x6  
  72  5:46  Hatchery  
  72  5:49  Drone x2  
  76  5:53  Extractor  
  76  5:55  Overlord, Extractor  
  76  5:56  Drone, Evolution Chamber, Baneling Nest  
  73  5:58  Queen  
  73  6:01  Drone x2, Hatchery  
  73  6:02  Drone  
  76  6:06  Overlord  
  78  6:11  Drone x2  
  78  6:13  Drone x4  
  78  6:14  Drone  
  83  6:21  Evolution Chamber  
  83  6:22  Overlord  
  83  6:24  Drone x4  
  86  6:26  Extractor  
  86  6:30  Zergling x2  
  86  6:31  Evolution Chamber  
  83  6:33  Spore Crawler  
  83  6:36  Drone x2  
  83  6:38  Hatchery  
  83  6:39  Drone x2  
  81  6:42  Queen  
  84  6:47  Zerg Ground Armor Level 1  
  84  6:48  Extractor  
  84  6:51  Drone x4  
  87  6:55  Zergling x6  
  87  7:00  Zergling x8  
  94  7:07  Zergling x6  
  94  7:08  Hydralisk Den, Zergling x2  
  96  7:09  Zergling x2  
  96  7:11  Zergling x2  
  96  7:12  Zergling x2  
  96  7:13  Zergling x4  
  102  7:18  Zergling x4  
  104  7:23  Zergling x2  
  104  7:28  Drone  
  104  7:29  Drone x8, Overlord  
  114  7:31  Baneling x9  
  114  7:34  Zergling x6  
  114  7:36  Overlord  
  117  7:39  Overlord  
  117  7:42  Muscular Augments  
  117  7:44  Overlord  
  117  7:48  Zergling x2  
  117  7:49  Zergling x12  
  117  7:50  Overlord  
  124  7:55  Zergling x10  
  124  8:02  Zergling x14  
  124  8:04  Zergling x4  
  131  8:07  Hydralisk  
  131  8:08  Hydralisk  
  131  8:10  Zergling x4  
  131  8:11  Baneling x3  
  131  8:12  Baneling x2  
  137  8:16  Hydralisk x2  
  137  8:19  Hydralisk  
  130  8:28  Zergling x2  
  130  8:29  Zergling x14  
  130  8:30  Zergling x4  
  130  8:31  Zergling x2  
Tags
 
Add a new tag
Caveats
  • Supply blocks, unpowered buildings, or Contaminate may cause inaccurate times.
  • Supply counts are checked every 10 seconds.